[Event "Lueneburger Schachfestival IM 2019"]
[Site "Lueneburg"]
[Date "2019.08.03"]
[Round "1.1"]
[White "Pubantz, Jan"]
[Black "Chennaoui, Yasin"]
[Result "0-1"]
[ECO "E04"]
[WhiteElo "2214"]
[BlackElo "2092"]
[Annotator "NA"]
[PlyCount "100"]
[EventDate "2019.08.02"]
[EventType "tourn"]
[EventCountry "GER"]
[SourceTitle "playchess.com"]
[Source "ChessBase"]
[SourceQuality "1"]
[TimeControl "40/5400+30:1800+30"]

1. d4 Nf6 2. c4 e6 3. Nf3 d5 4. g3 dxc4 5. Bg2 Bb4+ 6. Bd2 a5 7. Qc2 b5 8. a4 Bxd2+ 9. Nfxd2 Ra7 10. axb5 Qxd4 11. Nxc4 O-O 12. O-O Bd7 13. Qb3 Qc5 14. Nc3 Nd5 15. Rfb1 c6 16. b6 Ra6 17. Ne4 Qb5 18. Qxb5 cxb5 19. Nc5 bxc4 20. Nxa6 Nxa6 21. Bxd5 exd5 22. Rxa5 Nb4 23. Rba1 Bc6 24. Rc5 Rb8 25. Ra7 Kf8 26. b7 Ke7 27. Rca5 Kd6 28. f3 d4 29. Kf2 c3 30. bxc3 dxc3 31. Ke3 Kc7 32. Ra8 Rxb7 33. R8a7 Rxa7 34. Rxa7+ Kb6 35. Ra1 Kc5 36. Kf2 Kc4 37. Rf1 c2 38. Ke3 Kc3 39. h4 Nd5+ 40. Kf2 Kd2 41. Ra1 Nc3 42. e4 Nb1 43. Ra2 Ba4 44. g4 Bb3 45. Rb2 Nc3 46. Rxc2+ Bxc2 47. g5 g6 48. Kg3 Ke3 49. h5 Bd1 50. hxg6 hxg6 0-1

[Event "Lueneburger Schachfestival IM 2019"]
[Site "Lueneburg"]
[Date "2019.08.03"]
[Round "1.2"]
[White "Souleidis, Georgios"]
[Black "Stork, Oliver"]
[Result "0-1"]
[ECO "B12"]
[WhiteElo "2426"]
[BlackElo "2322"]
[Annotator "NA"]
[PlyCount "74"]
[EventDate "2019.08.02"]
[EventType "tourn"]
[EventCountry "GER"]
[SourceTitle "playchess.com"]
[Source "ChessBase"]
[SourceQuality "1"]
[TimeControl "40/5400+30:1800+30"]

1. e4 c6 2. d4 d5 3. f3 e6 4. Nc3 Bb4 5. Bd2 Ne7 6. Nce2 Bxd2+ 7. Qxd2 O-O 8. O-O-O Nd7 9. Nf4 a5 10. h4 a4 11. a3 Qc7 12. Kb1 dxe4 13. fxe4 e5 14. Nh5 exd4 15. Nf3 Qa5 16. Qg5 Qxg5 17. hxg5 c5 18. Bd3 Ng6 19. Rh2 Re8 20. Ng3 Nde5 21. Bb5 Re6 22. Rdh1 Nf8 23. Nh5 Ng4 24. Rh4 Rb6 25. Bc4 Ng6 26. Nf4 Nxf4 27. Rxh7 Ng6 28. e5 Be6 29. Bd3 Nf2 30. R1h5 Nxd3 31. cxd3 Bg4 32. Rh1 Bxf3 33. gxf3 Re8 34. f4 Kf8 35. f5 Nxe5 36. Re1 f6 37. Rh8+ Kf7 0-1

[Event "Lueneburger Schachfestival IM 2019"]
[Site "Lueneburg"]
[Date "2019.08.03"]
[Round "1.4"]
[White "Ertan, Can"]
[Black "Kahlert, Thomas"]
[Result "1-0"]
[ECO "C97"]
[WhiteElo "2396"]
[BlackElo "2152"]
[Annotator "NA"]
[PlyCount "77"]
[EventDate "2019.08.02"]
[EventType "tourn"]
[EventCountry "GER"]
[SourceTitle "playchess.com"]
[Source "ChessBase"]
[SourceQuality "1"]
[TimeControl "40/5400+30:1800+30"]

1. e4 e5 2. Nf3 Nc6 3. Bb5 a6 4. Ba4 Nf6 5. O-O Be7 6. Re1 b5 7. Bb3 d6 8. a4 Bd7 9. c3 O-O 10. d4 h6 11. Nbd2 Re8 12. Nf1 Bf8 13. Ng3 Na5 14. Bc2 c5 15. h3 Qc7 16. d5 c4 17. Nh2 Nb7 18. Be3 Be7 19. Nh5 Nc5 20. Bxh6 Nxh5 21. Qxh5 g6 22. Qe2 bxa4 23. Qxc4 Bb5 24. Qa2 Reb8 25. Rad1 Bd7 26. Bc1 Qd8 27. Be3 Qc8 28. f4 Kg7 29. Nf3 Bxh3 30. gxh3 Qxh3 31. Kf2 Bh4+ 32. Nxh4 Qxh4+ 33. Ke2 Qh2+ 34. Bf2 Rh8 35. fxe5 Qh5+ 36. Kd2 Qg5+ 37. Be3 Rh2+ 38. Kc1 Qxe5 39. Bd4 1-0

[Event "Lueneburger Schachfestival IM 2019"]
[Site "Lueneburg"]
[Date "2019.08.03"]
[Round "1.5"]
[White "Knuedel, Torben"]
[Black "Aarav Dengla"]
[Result "1-0"]
[ECO "C42"]
[WhiteElo "2151"]
[BlackElo "2038"]
[Annotator "NA"]
[PlyCount "97"]
[EventDate "2019.08.02"]
[EventType "tourn"]
[EventCountry "GER"]
[SourceTitle "playchess.com"]
[Source "ChessBase"]
[SourceQuality "1"]
[TimeControl "40/5400+30:1800+30"]

1. e4 e5 2. Nf3 Nf6 3. Nc3 Bb4 4. Nxe5 O-O 5. Nd3 Bxc3 6. dxc3 Nxe4 7. Be3 d5 8. Qf3 Qf6 9. Qxf6 Nxf6 10. O-O-O Be6 11. Nf4 Nbd7 12. c4 c6 13. cxd5 Nxd5 14. Nxd5 Bxd5 15. Bd4 f6 16. c4 Be6 17. b3 Rad8 18. Be2 c5 19. Be3 b6 20. Rd6 Kf7 21. f4 f5 22. Rhd1 Ke7 23. Rc6 Rc8 24. Rdd6 Rxc6 25. Rxc6 Rd8 26. Rc7 a5 27. Bf3 Kd6 28. Rc6+ Ke7 29. Bf2 Rb8 30. Bh4+ Nf6 31. Rc7+ Bd7 32. Bxf6+ gxf6 33. Bc6 Kd6 34. Rxd7+ Kxc6 35. Rxh7 Re8 36. Kd2 Rd8+ 37. Ke2 Re8+ 38. Kf3 Rd8 39. Rf7 Rd2 40. Rxf6+ Kb7 41. Rxf5 Rxa2 42. Re5 Rb2 43. Re3 b5 44. cxb5 Kb6 45. f5 Rb1 46. Kf2 Rd1 47. f6 Rd8 48. g4 Kxb5 49. g5 1-0

[Event "Lueneburger Schachfestival IM 2019"]
[Site "Lueneburg"]
[Date "2019.08.03"]
[Round "2.1"]
[White "Chennaoui, Yasin"]
[Black "Aarav Dengla"]
[Result "1/2-1/2"]
[ECO "A20"]
[WhiteElo "2092"]
[BlackElo "2038"]
[Annotator "NA"]
[PlyCount "209"]
[EventDate "2019.08.02"]
[EventType "tourn"]
[EventCountry "GER"]
[SourceTitle "playchess.com"]
[Source "ChessBase"]
[SourceQuality "1"]
[TimeControl "40/5400+30:1800+30"]

1. c4 e5 2. g3 c6 3. d4 exd4 4. Qxd4 Nf6 5. Bg2 Be7 6. Nc3 O-O 7. Bf4 d6 8. Rd1 Be6 9. Bxd6 Bxd6 10. Qxd6 Qxd6 11. Rxd6 Bxc4 12. b3 Ba6 13. Nf3 Nbd7 14. O-O Rfe8 15. Rfd1 Nc5 16. e3 Nce4 17. Nxe4 Nxe4 18. Rd7 Nc5 19. R7d6 Ne4 20. Rd7 Nc5 21. R7d4 Ne6 22. Rd6 Be2 23. R1d2 Bxf3 24. Bxf3 Red8 25. Rd7 Rxd7 26. Rxd7 Nc5 27. Rc7 Rb8 28. Be2 Ne6 29. Rd7 Nc5 30. Rc7 Ne6 31. Rd7 Nc5 32. Rd4 Kf8 33. f4 Ke7 34. Kf2 Rd8 35. Bc4 Rxd4 36. exd4 Ne4+ 37. Ke3 Nc3 38. b4 Nd5+ 39. Bxd5 cxd5 40. f5 g5 41. fxg6 fxg6 42. Kf4 Kf6 43. h4 h6 44. a4 b6 45. b5 Ke6 46. Kg4 Kf6 47. Kf4 Ke6 48. g4 Kf6 49. Ke3 g5 50. hxg5+ hxg5 51. Kd3 Ke6 52. Kc3 Kd6 53. Kb4 Kd7 54. a5 Kd6 55. Ka4 Kc7 56. Kb4 Kd7 57. Ka4 Kd6 58. Kb4 Ke6 59. Kb3 Kf7 60. Ka3 Kg6 61. Ka2 Kf6 62. Kb2 Kg6 63. Kc3 Kh6 64. Kd3 Kh7 65. Kd2 Kh8 66. Kd1 Kg7 67. Kc1 Kg8 68. Kb1 Kf8 69. Ka1 Ke8 70. Kb2 Kd8 71. Kb3 Ke7 72. Ka4 Ke6 73. Kb4 Kf6 74. Kc3 Ke7 75. Kb3 Kf8 76. Ka3 Kg8 77. Ka2 Kh8 78. Ka1 Kg8 79. Kb1 Kf8 80. Kb2 Kg7 81. Kc2 Kg6 82. Kc3 Kf6 83. Kb3 Ke6 84. Kb4 Kd6 85. Ka4 Ke7 86. Kb3 Ke6 87. Ka3 Kd7 88. Kb3 Kc8 89. Kb4 Kc7 90. Ka4 Kd6 91. Ka3 Ke7 92. Kb3 Kf6 93. Kc3 Kg7 94. Kc2 Kf8 95. Kb2 Kf7 96. Ka2 Ke6 97. Kb3 Kd7 98. Ka3 Kc7 99. Kb4 Kd6 100. Kb3 Ke6 101. Ka3 Kf6 102. Ka4 Kg6 103. Kb4 Kf7 104. axb6 axb6 105. Ka4 1/2-1/2

[Event "Lueneburger Schachfestival IM 2019"]
[Site "Lueneburg"]
[Date "2019.08.03"]
[Round "2.2"]
[White "Kahlert, Thomas"]
[Black "Knuedel, Torben"]
[Result "1/2-1/2"]
[ECO "D27"]
[WhiteElo "2152"]
[BlackElo "2151"]
[Annotator "NA"]
[PlyCount "128"]
[EventDate "2019.08.02"]
[EventType "tourn"]
[EventCountry "GER"]
[SourceTitle "playchess.com"]
[Source "ChessBase"]
[SourceQuality "1"]
[TimeControl "40/5400+30:1800+30"]

1. Nf3 Nf6 2. c4 e6 3. Nc3 d5 4. d4 dxc4 5. e3 a6 6. a4 c5 7. Bxc4 Nc6 8. O-O Be7 9. Qe2 cxd4 10. Rd1 e5 11. exd4 exd4 12. Nxd4 Nxd4 13. Qe5 Qd6 14. Qxd6 Bxd6 15. Rxd4 Bc5 16. Rh4 O-O 17. Bg5 Ng4 18. Ne4 Bd4 19. Rd1 Bxb2 20. Nd6 Ne5 21. Be7 Bg4 22. Rb1 Rfe8 23. Rxg4 Rxe7 24. Re4 Ba3 25. Nf5 Rc7 26. Bd5 Nc6 27. g3 Bf8 28. Rc4 Rd8 29. Bxc6 Rxc6 30. Rxc6 bxc6 31. Rb6 a5 32. Rxc6 Rd1+ 33. Kg2 g6 34. Ne3 Ra1 35. Rc4 Bb4 36. g4 h6 37. h4 Rxa4 38. g5 hxg5 39. hxg5 Ra2 40. Rc8+ Kg7 41. Kf3 Bd2 42. Rc5 Bxe3 43. fxe3 a4 44. Rc8 a3 45. Ra8 Ra1 46. Kg2 a2 47. Kh2 Kh7 48. Kg2 Rb1 49. Rxa2 Rb5 50. Kf3 Rxg5 51. Ra7 Kg7 52. Kf4 Rg1 53. Rb7 Rf1+ 54. Kg3 Rf6 55. e4 g5 56. e5 Re6 57. Rb5 Kg6 58. Rd5 Re7 59. Kg4 Re6 60. Kg3 Kf5 61. Rd7 Rxe5 62. Rxf7+ Kg6 63. Rf8 Re3+ 64. Kg4 Re4+ 1/2-1/2

[Event "Lueneburger Schachfestival IM 2019"]
[Site "Lueneburg"]
[Date "2019.08.03"]
[Round "2.3"]
[White "Schulze, Lara"]
[Black "Ertan, Can"]
[Result "1-0"]
[ECO "C54"]
[WhiteElo "2253"]
[BlackElo "2396"]
[Annotator "NA"]
[PlyCount "79"]
[EventDate "2019.08.02"]
[EventType "tourn"]
[EventCountry "GER"]
[SourceTitle "playchess.com"]
[Source "ChessBase"]
[SourceQuality "1"]
[TimeControl "40/5400+30:1800+30"]

1. e4 e5 2. Nf3 Nc6 3. Bc4 Bc5 4. c3 Nf6 5. d3 O-O 6. O-O d6 7. Nbd2 a6 8. Bb3 Ba7 9. h3 h6 10. Re1 Be6 11. Nf1 Nh5 12. Be3 Qf6 13. Bc2 Nf4 14. d4 Ne7 15. Ng3 Neg6 16. Nf5 Rfe8 17. Kh2 Rad8 18. g3 Nd5 19. Bxh6 gxh6 20. Nxh6+ Kh7 21. exd5 Bxd5 22. Nf5 exd4 23. Rxe8 Rxe8 24. N3xd4 Re5 25. f4 Re8 26. Qh5+ Kg8 27. Nh6+ Kf8 28. Ng4 Qxd4 29. cxd4 Re2+ 30. Nf2 Rxf2+ 31. Kg1 Rg2+ 32. Kf1 Ne7 33. Bb3 Bxb3 34. Kxg2 Bd5+ 35. Kh2 Bxd4 36. Rd1 c5 37. Qh6+ Ke8 38. Qxd6 b5 39. f5 f6 40. Re1 1-0

[Event "Lueneburger Schachfestival IM 2019"]
[Site "Lueneburg"]
[Date "2019.08.03"]
[Round "2.4"]
[White "Stork, Oliver"]
[Black "Carlstedt, Jonathan"]
[Result "1/2-1/2"]
[ECO "A37"]
[WhiteElo "2322"]
[BlackElo "2408"]
[Annotator "NA"]
[PlyCount "75"]
[EventDate "2019.08.02"]
[EventType "tourn"]
[EventCountry "GER"]
[SourceTitle "playchess.com"]
[Source "ChessBase"]
[SourceQuality "1"]
[TimeControl "40/5400+30:1800+30"]

1. c4 c5 2. Nf3 b6 3. g3 Bb7 4. Bg2 g6 5. O-O Bg7 6. Nc3 Nc6 7. e3 Nh6 8. d4 cxd4 9. exd4 Nf5 10. Re1 O-O 11. Bg5 h6 12. Bf4 Rc8 13. Rc1 g5 14. Nxg5 hxg5 15. Bxg5 f6 16. Bf4 e6 17. d5 Ne5 18. Be4 Rxc4 19. Qh5 Qe8 20. Qxe8 Rxe8 21. Bxe5 fxe5 22. dxe6 Bxe4 23. exd7 Rd8 24. Nxe4 Rxc1 25. Rxc1 Rxd7 26. h4 Kf7 27. Rc6 Ke7 28. Rg6 Rd4 29. f3 Bh6 30. h5 Be3+ 31. Kf1 Bc1 32. g4 Nd6 33. h6 Nxe4 34. h7 Rd1+ 35. Kg2 Rd2+ 36. Kg1 Rd1+ 37. Kg2 Rd2+ 38. Kg1 1/2-1/2

[Event "Lueneburger Schachfestival IM 2019"]
[Site "Lueneburg"]
[Date "2019.08.03"]
[Round "2.5"]
[White "Pubantz, Jan"]
[Black "Souleidis, Georgios"]
[Result "1/2-1/2"]
[ECO "E63"]
[WhiteElo "2214"]
[BlackElo "2426"]
[Annotator "NA"]
[PlyCount "177"]
[EventDate "2019.08.02"]
[EventType "tourn"]
[EventCountry "GER"]
[SourceTitle "playchess.com"]
[Source "ChessBase"]
[SourceQuality "1"]
[TimeControl "40/5400+30:1800+30"]

1. d4 Nf6 2. c4 g6 3. g3 Bg7 4. Bg2 O-O 5. Nc3 d6 6. Nf3 Nc6 7. O-O a6 8. b3 Rb8 9. d5 Na5 10. Bg5 c5 11. dxc6 Nxc6 12. Rc1 Bd7 13. Nd5 Nxd5 14. cxd5 Ne5 15. Nxe5 Bxe5 16. Qd2 Re8 17. Rc2 Rc8 18. Rfc1 Bf6 19. Bxf6 exf6 20. Bf3 Kg7 21. Qd4 Qa5 22. Kg2 Rxc2 23. Rxc2 Rc8 24. Rxc8 Bxc8 25. a4 Qc7 26. Qc4 Qxc4 27. bxc4 a5 28. e3 Bf5 29. e4 Bd7 30. Bd1 f5 31. f3 fxe4 32. fxe4 Kf6 33. Kf3 Ke5 34. Ke3 b6 35. Bc2 g5 36. Bd1 h6 37. Bc2 Bg4 38. Bb3 Bh5 39. Bc2 Bg4 40. Bb3 Bh3 41. Bc2 Bf1 42. Bd3 Bh3 43. Bc2 f6 44. Bd3 Bc8 45. Bb1 Bh3 46. Bd3 Bg4 47. Bc2 Bd7 48. Bd1 Be8 49. Bc2 Bg6 50. Bd3 Bh5 51. Bc2 Bg4 52. Bb3 Bh3 53. Bc2 Bd7 54. Bd1 f5 55. exf5 Bxf5 56. Bb3 Bb1 57. Bd1 Ba2 58. Kd3 Bb1+ 59. Ke3 Bf5 60. Bb3 Bh3 61. Bc2 h5 62. Bb3 h4 63. Bc2 Bf1 64. Bb3 Kf5 65. Kf2 Bd3 66. Ke3 Bb1 67. Bd1 Ke5 68. Bb3 Bf5 69. Bd1 Bh3 70. Bc2 Bd7 71. Bb3 Be8 72. Bc2 Bh5 73. Bb3 Bg6 74. Bd1 Be4 75. Bb3 Bg2 76. Bc2 Bf1 77. Bb3 hxg3 78. hxg3 Bh3 79. Bc2 Bd7 80. Bd1 Be8 81. Bc2 Bh5 82. Bb3 Bf7 83. Bd1 Bg6 84. Bb3 Be8 85. Bc2 Bh5 86. Bb3 Bg6 87. Bd1 Bf7 88. Bc2 Be8 89. Bb3 1/2-1/2

[Event "Lueneburger Schachfestival IM 2019"]
[Site "Lueneburg"]
[Date "2019.08.04"]
[Round "3.1"]
[White "Souleidis, Georgios"]
[Black "Chennaoui, Yasin"]
[Result "1-0"]
[ECO "C41"]
[WhiteElo "2426"]
[BlackElo "2092"]
[Annotator "ChessBase"]
[PlyCount "53"]
[EventDate "2019.08.02"]
[EventType "tourn"]
[EventCountry "GER"]
[SourceTitle "playchess.com"]
[Source "ChessBase"]
[SourceQuality "1"]
[TimeControl "40/5400+30:1800+30"]

1. e4 d6 2. d4 Nf6 3. Nc3 e5 4. Nf3 Nbd7 5. Bc4 Be7 6. O-O Nb6 7. Be2 exd4 8. Nxd4 c5 9. Bb5+ Bd7 10. Nf5 O-O 11. Bxd7 Qxd7 12. Bg5 Rfe8 13. Qf3 Nfd5 14. Nxd5 Bxg5 15. Qg4 Qd8 16. Rad1 Re6 17. Nf4 h5 18. Qg3 h4 19. Qg4 Re5 20. Rxd6 Qf8 21. Rxb6 axb6 22. Qxg5 Rxe4 23. Nd5 f6 24. Qg6 Rae8 25. Nh6+ Kh8 26. Nf7+ Kg8 27. Nxf6# 1-0

[Event "Lueneburger Schachfestival IM 2019"]
[Site "Lueneburg"]
[Date "2019.08.04"]
[Round "3.2"]
[White "Carlstedt, Jonathan"]
[Black "Pubantz, Jan"]
[Result "1/2-1/2"]
[ECO "D05"]
[WhiteElo "2408"]
[BlackElo "2214"]
[Annotator "ChessBase"]
[PlyCount "53"]
[EventDate "2019.08.02"]
[EventType "tourn"]
[EventCountry "GER"]
[SourceTitle "playchess.com"]
[Source "ChessBase"]
[SourceQuality "1"]
[TimeControl "40/5400+30:1800+30"]

1. d4 Nf6 2. Nf3 d5 3. e3 e6 4. Bd3 b6 5. Nbd2 Bb7 6. Qe2 Nbd7 7. e4 dxe4 8. Nxe4 Be7 9. Neg5 O-O 10. h4 c5 11. Be3 cxd4 12. Bxd4 Nc5 13. Bxc5 bxc5 14. O-O-O Qa5 15. Bc4 Qb6 16. Ne5 Bd5 17. Rhe1 Bd6 18. f4 Bxe5 19. fxe5 Bxc4 20. Qxc4 Nd5 21. Rd3 Rab8 22. Rb3 Qa5 23. Qe4 g6 24. Ra3 Qb6 25. Rb3 Qa5 26. Ra3 Qb6 27. Rb3 1/2-1/2

[Event "Lueneburger Schachfestival IM 2019"]
[Site "Lueneburg"]
[Date "2019.08.04"]
[Round "3.3"]
[White "Ertan, Can"]
[Black "Stork, Oliver"]
[Result "1/2-1/2"]
[ECO "B12"]
[WhiteElo "2396"]
[BlackElo "2322"]
[Annotator "NA"]
[PlyCount "133"]
[EventDate "2019.08.02"]
[EventType "tourn"]
[EventCountry "GER"]
[SourceTitle "playchess.com"]
[Source "ChessBase"]
[SourceQuality "1"]
[TimeControl "40/5400+30:1800+30"]

1. e4 c6 2. d4 d5 3. e5 c5 4. dxc5 Nc6 5. f4 (5. Bb5 e6 6. Be3 Nge7 7. c3 Bd7 8. Bxc6 Nxc6 9. f4 Qc7 10. Nf3 Na5 11. b4 Nc4 12. Bd4 b6 13. cxb6 axb6 14. O-O Be7 15. Nfd2 O-O 16. Nxc4 dxc4 {½-½ (44) Jakovenko,D (2752)-Granda Zuniga,J (2641) Porto Carras 2018}) 5... e6 6. Be3 {[%emt 0:00:20] B12: Caro-Kann: Advance Variation} d4 7. Bf2 Bxc5 8. Nd2 Nge7 9. Ne4 Qa5+ 10. Qd2 Qxd2+ 11. Kxd2 Bb4+ 12. c3 $146 ({Predecessor:} 12. Kc1 Nf5 {1-0 (52) Ostos,J (2326)-Otero Munelo,H (2113) San Cristobal 2012}) 12... Ba5 13. Nd6+ Kf8 14. Bd3 g5 15. fxg5 dxc3+ 16. bxc3 Nxe5 17. Be4 Bc7 18. Nxc8 Rxc8 19. Bxb7 Rb8 20. Rb1 Nc4+ 21. Ke2 Nd6 22. Bg3 Nd5 23. Bxd6+ Bxd6 24. Kd3 Kg7 25. Ne2 Nf4+ 26. Nxf4 Bxf4 27. h4 Rhd8+ 28. Ke4 Bg3 29. Ke3 Rd7 30. Be4 Rc8 31. Rb3 Rdc7 32. Kd2 Rc4 33. Kd3 Ra4 34. Rb2 Be5 35. Rc2 Ra3 36. Rhc1 Bf4 37. Rb1 Ra4 38. c4 Rc5 39. Rb3 Be5 40. Rb5 Ra3+ 41. Ke2 Bd4 42. Bd3 e5 43. Rb3 Ra4 44. h5 e4 $14 45. h6+ Kg6 46. Bxe4+ Kxg5 47. Kd3 Be5 48. Bxh7 Kxh6 49. Be4 f6 50. Rb7 Ra3+ 51. Ke2 Kg5 52. Rg7+ Kf4 53. Bd5 Bd4 54. Rd2 Bc3 55. g3+ Ke5 56. Rc2 Rca5 57. Re7+ Kd4 58. Re3 Bb4 59. Rxa3 Rxa3 60. Kf2 Kd3 61. Re2 Bc5+ 62. Kf3 Kd4+ 63. Kg4 Bd6 64. Kf5 Rxg3 65. Kxf6 Re3 66. Rb2 Bc5 67. Kf5 1/2-1/2

[Event "Lueneburger Schachfestival IM 2019"]
[Site "Lueneburg"]
[Date "2019.08.04"]
[Round "3.4"]
[White "Knuedel, Torben"]
[Black "Schulze, Lara"]
[Result "0-1"]
[ECO "B69"]
[WhiteElo "2151"]
[BlackElo "2253"]
[Annotator "ChessBase"]
[PlyCount "84"]
[EventDate "2019.08.02"]
[EventType "tourn"]
[EventCountry "GER"]
[SourceTitle "playchess.com"]
[Source "ChessBase"]
[SourceQuality "1"]
[TimeControl "40/5400+30:1800+30"]

1. e4 c5 2. Nf3 Nc6 3. d4 cxd4 4. Nxd4 Nf6 5. Nc3 d6 6. Bg5 e6 7. Qd2 a6 8. O-O-O Bd7 9. f4 Be7 10. Nf3 b5 11. Bxf6 gxf6 12. Kb1 Qb6 13. f5 O-O-O 14. fxe6 fxe6 15. g3 Kb8 16. Bh3 Na5 17. Nd4 b4 18. Nce2 e5 19. Bxd7 Rxd7 20. Nf5 Nc4 21. Qd5 Rc8 22. Rhf1 Bf8 23. Nc1 Rdc7 24. Qd3 a5 25. Rde1 a4 26. Ne3 Nxe3 27. Qxe3 Qxe3 28. Rxe3 Rxc2 29. Nd3 Bh6 30. Ref3 d5 31. Rxf6 dxe4 32. Rb6+ Ka7 33. Rxh6 exd3 34. Rf7+ R8c7 35. Rxc7+ Rxc7 36. Rd6 e4 37. Rd4 Ka6 38. g4 Kb5 39. h4 b3 40. axb3 axb3 41. g5 Rc2 42. Rd5+ Kc4 0-1

[Event "Lueneburger Schachfestival IM 2019"]
[Site "Lueneburg"]
[Date "2019.08.04"]
[Round "3.5"]
[White "Aarav Dengla"]
[Black "Kahlert, Thomas"]
[Result "0-1"]
[ECO "C99"]
[WhiteElo "2038"]
[BlackElo "2152"]
[Annotator "ChessBase"]
[PlyCount "80"]
[EventDate "2019.08.02"]
[EventType "tourn"]
[EventCountry "GER"]
[SourceTitle "playchess.com"]
[Source "ChessBase"]
[SourceQuality "1"]
[TimeControl "40/5400+30:1800+30"]

1. e4 e5 2. Nf3 Nc6 3. Bb5 a6 4. Ba4 Nf6 5. O-O Be7 6. Re1 b5 7. Bb3 d6 8. c3 O-O 9. h3 Na5 10. Bc2 c5 11. d4 Qc7 12. Nbd2 cxd4 13. cxd4 Bd7 14. Nf1 Rac8 15. Bb3 Nxb3 16. axb3 Qb7 17. Ng3 Be6 18. d5 Bd7 19. b4 Ne8 20. Qd3 g6 21. Bh6 Ng7 22. Rec1 Rxc1+ 23. Rxc1 Rc8 24. Rxc8+ Qxc8 25. Qc3 f5 26. Qxc8+ Bxc8 27. Bxg7 Kxg7 28. Ne1 Bb7 29. f3 Bh4 30. Nxf5+ gxf5 31. Nd3 Bd8 32. g3 Bb6+ 33. Kg2 Kf6 34. g4 fxe4 35. fxe4 h5 36. Kg3 hxg4 37. hxg4 Bd4 38. Kh4 Kg6 39. Nc1 Bc8 40. Nd3 Bd7 0-1

[Event "Lueneburger Schachfestival IM 2019"]
[Site "Lueneburg"]
[Date "2019.08.05"]
[Round "4.1"]
[White "Chennaoui, Yasin"]
[Black "Kahlert, Thomas"]
[Result "1/2-1/2"]
[ECO "A25"]
[WhiteElo "2092"]
[BlackElo "2152"]
[Annotator "ChessBase"]
[PlyCount "121"]
[EventDate "2019.08.02"]
[EventType "tourn"]
[EventCountry "GER"]
[SourceTitle "playchess.com"]
[Source "ChessBase"]
[SourceQuality "1"]
[TimeControl "40/5400+30:1800+30"]

1. c4 e5 2. g3 Nc6 3. Bg2 g6 4. Nc3 Bg7 5. e3 d6 6. Nge2 f5 7. d3 Nf6 8. O-O O-O 9. Rb1 a5 10. a3 Be6 11. Nd5 Qd7 12. Nec3 Rab8 13. Qa4 Kh8 14. Bd2 Bg8 15. Nxf6 Bxf6 16. Nd5 Bg7 17. Qb5 Rfd8 18. Rfc1 Qc8 19. Bxa5 Nxa5 20. Qxa5 c6 21. Ne7 Qd7 22. Nxg8 Rxg8 23. Qd2 Ra8 24. f4 exf4 25. gxf4 Rge8 26. Rf1 Qf7 27. Rbc1 Re7 28. Rf3 Bf6 29. d4 Qg7 30. c5 dxc5 31. Rxc5 Rd8 32. Kh1 Red7 33. Rc4 Qf7 34. Qc2 Ra8 35. h3 Re7 36. a4 Rae8 37. Rc3 Qe6 38. b4 Qd6 39. b5 cxb5 40. axb5 Qb4 41. Qb3 Qxb3 42. Rxb3 Ra8 43. Rf1 Ra2 44. Rc1 Kg7 45. b6 g5 46. Bxb7 Rxb7 47. Rc7+ Rxc7 48. bxc7 Rc2 49. Rb7 Kg6 50. d5 Kh5 51. d6 Kh4 52. d7 Kg3 53. c8=Q Bc3 54. Rb1 Rh2+ 55. Kg1 Rg2+ 56. Kf1 Rf2+ 57. Kg1 Rg2+ 58. Kh1 Rh2+ 59. Kg1 Rg2+ 60. Kf1 Rf2+ 61. Kg1 1/2-1/2

[Event "Lueneburger Schachfestival IM 2019"]
[Site "Lueneburg"]
[Date "2019.08.05"]
[Round "4.2"]
[White "Schulze, Lara"]
[Black "Aarav Dengla"]
[Result "1-0"]
[ECO "B80"]
[WhiteElo "2253"]
[BlackElo "2038"]
[Annotator "ChessBase"]
[PlyCount "71"]
[EventDate "2019.08.02"]
[EventType "tourn"]
[EventCountry "GER"]
[SourceTitle "playchess.com"]
[Source "ChessBase"]
[SourceQuality "1"]
[TimeControl "40/5400+30:1800+30"]

1. e4 c5 2. Nf3 d6 3. d4 cxd4 4. Nxd4 Nf6 5. Nc3 a6 6. f3 e6 7. Be3 Be7 8. Qd2 Qc7 9. g4 h6 10. O-O-O Bd7 11. h4 Nc6 12. Rg1 Nxd4 13. Qxd4 b5 14. g5 e5 15. Qd3 hxg5 16. hxg5 Nh5 17. Nd5 Qc6 18. g6 Be6 19. gxf7+ Kxf7 20. f4 Rac8 21. Be2 Qc4 22. Qxc4 bxc4 23. Nxe7 Kxe7 24. fxe5 dxe5 25. Bxh5 Rxh5 26. Rxg7+ Kf6 27. Rb7 Rc6 28. Rf1+ Kg6 29. Rg1+ Kf6 30. Bb6 Rh8 31. Bc7 Bc8 32. Ra7 c3 33. b3 Be6 34. Rf1+ Kg5 35. Bxe5 Rh6 36. Bf4+ 1-0

[Event "Lueneburger Schachfestival IM 2019"]
[Site "Lueneburg"]
[Date "2019.08.05"]
[Round "4.3"]
[White "Stork, Oliver"]
[Black "Knuedel, Torben"]
[Result "1-0"]
[ECO "A18"]
[WhiteElo "2322"]
[BlackElo "2151"]
[Annotator "NA"]
[PlyCount "53"]
[EventDate "2019.08.02"]
[EventType "tourn"]
[EventCountry "GER"]
[SourceTitle "playchess.com"]
[Source "ChessBase"]
[SourceQuality "1"]
[TimeControl "40/5400+30:1800+30"]

1. c4 Nf6 2. Nc3 e6 3. e4 d5 4. cxd5 exd5 5. e5 Ne4 6. d3 Nxc3 7. bxc3 c5 8. Nf3 Nc6 9. d4 cxd4 10. cxd4 Bb4+ 11. Bd2 Qa5 12. Rb1 O-O 13. Bd3 Bg4 14. Rxb4 $15 ({White should play} 14. Bxb4 $11 Nxb4 15. O-O) 14... Nxb4 15. O-O $1 Qb6 16. Bxh7+ Kh8 17. Bb1 a5 18. Qb3 Qe6 19. Ng5 Qc8 20. Rc1 Nc6 21. Qxd5 Qd7 22. Qe4 g6 23. e6 Bxe6 24. Qh4+ Kg7 25. Qh7+ Kf6 26. Ne4+ Ke7 27. Bg5+ 1-0

[Event "Lueneburger Schachfestival IM 2019"]
[Site "Lueneburg"]
[Date "2019.08.06"]
[Round "5.1"]
[White "Carlstedt, Jonathan"]
[Black "Chennaoui, Yasin"]
[Result "1-0"]
[ECO "D41"]
[WhiteElo "2408"]
[BlackElo "2092"]
[Annotator "NA"]
[PlyCount "182"]
[EventDate "2019.08.02"]
[EventType "tourn"]
[EventCountry "GER"]
[SourceTitle "playchess.com"]
[Source "ChessBase"]
[SourceQuality "1"]
[TimeControl "40/5400+30:1800+30"]

1. d4 Nf6 2. c4 e6 3. Nc3 d5 4. cxd5 Nxd5 5. e4 Nxc3 6. bxc3 c5 7. Nf3 cxd4 8. cxd4 Bb4+ 9. Bd2 Qa5 (9... Bxd2+ $11 10. Qxd2 O-O) 10. Bd3 (10. Rb1 $16 Bxd2+ 11. Qxd2 Qxd2+ 12. Kxd2) 10... Nd7 (10... Nc6 $11) 11. O-O $16 O-O 12. e5 Bxd2 13. Nxd2 f5 14. Rc1 Nb6 15. Nc4 Nxc4 16. Bxc4 Bd7 17. Qb3 Qb6 18. d5 exd5 19. Bxd5+ Kh8 20. Bxb7 Qxb3 21. axb3 Rab8 22. Bd5 Rfe8 23. f4 g5 24. Rfe1 Be6 25. Bc6 Rg8 26. fxg5 Rxg5 27. Rc3 Rg6 28. Ba4 Rbg8 29. Re2 f4 30. Bc6 Bxb3 31. Be4 Rb6 32. Rd2 Bf7 33. Rd7 Bg6 34. Bd5 Re8 35. e6 Bf5 36. Rcc7 Bxe6 37. Bxe6 Rbxe6 38. Rxh7+ Kg8 39. Rcg7+ Kf8 40. Rxa7 Kg8 41. Rhg7+ Kh8 42. Rgf7 Re4 43. h3 Rb4 44. Rh7+ Kg8 45. Rag7+ Kf8 46. Rf7+ Kg8 47. Rhg7+ Kh8 48. Rg4 Ree4 49. Rf5 Rb1+ 50. Kh2 Re7 51. Rh5+ Rh7 52. Rxh7+ Kxh7 53. Rxf4 Kg6 54. Ra4 Kg5 55. h4+ Kh5 56. Kh3 Rh1+ 57. Kg3 Rb1 58. Ra5+ Kh6 59. Kh3 Rb3+ 60. g3 Rc3 61. Re5 Ra3 62. Kg4 Ra4+ 63. Kf5 Kh5 64. Re8 Ra5+ 65. Kf4 Ra4+ 66. Kf3 Ra3+ 67. Re3 Ra5 68. Kg2 Kg4 69. Re4+ Kh5 70. Kf3 Ra3+ 71. Kf4 Ra1 72. Re5+ Kh6 73. Re6+ Kg7 74. h5 Ra4+ 75. Kf5 Ra5+ 76. Re5 Ra3 77. g4 Rf3+ 78. Kg5 Rf7 79. h6+ Kh7 80. Kh5 Rb7 81. g5 Rb8 82. g6+ Kh8 83. h7 Kg7 84. Re7+ Kf6 85. Rf7+ Ke6 86. Rf1 Rb2 87. g7 Rh2+ 88. Kg4 Rg2+ 89. Kh3 Rxg7 90. h8=Q Rh7+ 91. Qxh7 Ke5 1-0